 Dungeon Crawl Stone Soup version 0.28-a0-983-g1de4e0787c (webtiles) character file.

Game seed: 5051979658635501355

9 tatocazan the Skirmisher (level 2, 21/24 HPs)
             Began as a Demonspawn Fighter on Dec 2, 2021.
             Quit the game on level 1 of the Dungeon.
             The game lasted 00:00:16 (301 turns).

tatocazan the Skirmisher (Demonspawn Fighter)        Turns: 301, Time: 00:00:16

Health: 21/24      AC:  6    Str: 16    XL:     2   Next: 3%
Magic:  2/2        EV:  9    Int:  9    God:
Gold:   29         SH:  4    Dex: 12    Spells: 1/1 levels left

rFire   . . .      SeeInvis .   a - +0 war axe
rCold   . . .      Faith    .   c - +0 buckler
rNeg    . . .      Spirit   .   b - +0 scale mail
rPois   .          Reflect  .   (no helmet)
rElec   .          Harm     .   (no cloak)
rCorr   .          Rampage  .   (no gloves)
Will    .....                   (no boots)
Stlth   ..........              (no amulet)
HPRegen 0.08/turn               (no ring)
MPRegen 0.08/turn               (no ring)

@: no status effects
A: demonic magic 1
a: no special abilities


You were on level 1 of the Dungeon.
You visited 1 branch of the dungeon, and saw 1 of its levels.

You collected 29 gold pieces.

Inventory:

Hand Weapons
 a - a +0 war axe (weapon)
Armour
 b - a +0 scale mail (worn)
 c - a +0 buckler (worn)
Scrolls
 e - a scroll of identify {unknown}
 f - a scroll of magic mapping {unknown}
 g - a scroll of holy word {unknown}
Potions
 d - a potion of might


   Skills:
 + Level 3.1 Fighting
 * Level 2.1 Axes
 + Level 2.8 Armour
 + Level 2.8 Shields


You had one spell level left.
You didn't know any spells.
Your spell library was empty.

Dungeon Overview and Level Annotations

Branches:
Dungeon (1/15)

Altars:


Innate Abilities, Weirdness & Mutations

Spells you cast may paralyse adjacent enemies.


Message History

You are too injured to fight recklessly!
You are too injured to fight recklessly!
You are too injured to fight recklessly!
You are too injured to fight recklessly!
You are too injured to fight recklessly!
You are too injured to fight recklessly!
You are too injured to fight recklessly!
You are too injured to fight recklessly!
There are monsters nearby!
There are monsters nearby!
You hit the goblin but do no damage. You hit the goblin.
You kill the goblin!
You closely miss the frilled lizard. The goblin barely misses you.
The frilled lizard closely misses you. The goblin hits you but does no damage.
You slash the goblin!
You kill the goblin!
You slash the frilled lizard!
You kill the frilled lizard!
You start resting.
You start resting.
HP restored.
Health restored: 18
Things that are here:
a +0 club; a +0 dagger; a goblin corpse
Found a robe.
g - a scroll labelled LIYGRACOYG You see here a +0 robe.
Key pressed, stopping explore.
An endoplasm comes into view.
The endoplasm freezes you.
You are frozen.
You take 2 damage, and have 16/18 hp.
You slash the endoplasm!
You kill the endoplasm!
You have reached level 2!
Your demonic ancestry asserts itself...
A menacing aura infuses your magic.
You regained 5 hp, and now have 21/24 hp.
MP restored: 2 Are you sure you want to abandon this character and quit the game? (Confirm with "yes".)

#.#.....# #.#
#.##.###'###
# ###.### #.#
#.##.#....##
#.# #.#
#.##.'.8.<##
...#####.#
#....'.8..##
..........#
####.#....##
.#...###.#.##
#.###+##
..###.## ..♣
...# ##.##
.... .....
##@# ###..
.... #.##
##.. #.. #.#
.. ##. #.#
#.. ##


There were no monsters in sight!

Vanquished Creatures
  A bat (D:1)
  An endoplasm (D:1)
  A giant cockroach (D:1)
  3 goblins (D:1)
  A ball python (D:1)
  A frilled lizard (D:1)
8 creatures vanquished.

Notes
Turn   | Place    | Note
-------+----------+-------------------------------------------
     0 | D:1      | tatocazan the Demonspawn Fighter began the quest for the
                  | Orb.
     0 | D:1      | Reached XP level 1. HP: 18/18 MP: 1/1
   301 | D:1      | Gained mutation: Spells you cast may paralyse adjacent
                  | enemies. [demonic ancestry]
   301 | D:1      | Reached XP level 2. HP: 21/24 MP: 2/2
   301 | D:1      | Quit the game

Illustrated notes

Levels and vault maps discovered:
D:1:      sevenhm_arrival_forest_fort_small_6, layout_loops_ring

Skill      XL: |  1 |
---------------+----+-----
Axes           | 2 |  2.1
Fighting       | |  3.1
Armour         | |  2.8
Shields        | |  2.8

Action                   || total
-------------------------++-------
Melee: War axe           ||    15
Armor: Scale mail        ||    13
Dodge: Dodged            ||    20
Block: Buckler           ||     9

Table legend: (Time is in decaauts)
 A = Elapsed time spent in this place.
 B = Non-inter-level travel time spent in this place.
 C = Inter-level travel time spent in this place.
 D = Time resting spent in this place.
 E = Time spent auto-exploring this place.
 F = Levels seen in this place.
 G = Mean time per level.
                   A        B        C        D        E       F      G
               +--------+--------+--------+--------+--------+-----+--------+
         Total |    307 |    307 |      0 |    123 |    149 |   1 |  307.0 |
       Dungeon |    307 |    307 |      0 |    123 |    149 |   1 |  307.0 |
               +--------+--------+--------+--------+--------+-----+--------+

Top non-repeatable levels by time:
     D:1: 307 daAuts
